 Dungeon Crawl Stone Soup version 0.21.1-1-g345015f (webtiles) character file.

42 wilfster70 the Firebug (level 3, -3/24 HPs)
             Began as a Demonspawn Fire Elementalist on Feb 19, 2018.
             Slain by Sigmund
             ... wielding a +0 scythe
              (7 damage)
             ... on level 2 of the Dungeon.
             The game lasted 00:04:51 (1585 turns).

wilfster70 the Firebug (DsFE)                       Turns: 1585, Time: 00:04:52

Health: -3/24      AC:  2    Str:  8    XL:     3   Next: 35%
Magic:  0/6        EV: 12    Int: 17    God:
Gold:   78         SH:  0    Dex: 13    Spells: 3/7 levels left

rFire    . . .     SeeInvis .   a - +2 short sword (speed)
rCold    . . .     Gourm    .   (no shield)
rNeg     . . .     Faith    .   k - +0 robe
rPois    .         Spirit   +   (no helmet)
rElec    .         Reflect  .   (no cloak)
rCorr    .         Harm     .   (no gloves)
MR       .....                  (no boots)
Stlth    +.........             (no amulet)
HPRegen  0.08/turn              (no ring)
MPRegen  0.10/turn              (no ring)

@: confused
A: claws 1, magic shield
a: no special abilities


You were on level 2 of the Dungeon.
You were not hungry.

You visited 1 branch of the dungeon, and saw 2 of its levels.

You collected 78 gold pieces.

Inventory:

Hand Weapons
 a - a +2 short sword of speed (weapon)
Missiles
 d - 10 poisoned needles
 j - 48 stones (quivered)
Armour
 k - a +0 robe (worn)
 l - a cursed +0 leather armour
Jewellery
 h - an uncursed amulet of faith {unknown}
Scrolls
 f - a scroll of fear {unknown}
 i - a scroll of remove curse {unknown}
Potions
 e - 3 potions of magic {unknown}
 m - a potion of curing {unknown}
Books
 b - a book of Flames

   Spells                             Type                      Level
   a - Flame Tongue                   Conjuration/Fire             1
   b - Throw Flame                    Conjuration/Fire             2
   c - Conjure Flame                  Conjuration/Fire             3
   d - Inner Flame                    Hexes/Fire                   3
   e - Sticky Flame                   Conjuration/Fire             4
   f - Fireball                       Conjuration/Fire             5
Comestibles
 c - a ration
 g - 4 chunks of flesh


   Skills:
 - Level 1.7 Dodging
 - Level 1.7 Stealth
 + Level 2.6 Spellcasting
 + Level 2.0 Conjurations
 + Level 3.2 Fire Magic


You had 3 spell levels left.
You knew the following spells:

 Your Spells              Type           Power        Failure   Level  Hunger
a - Flame Tongue          Conj/Fire      ##...        6%          1    #......
b - Conjure Flame         Conj/Fire      ##......     19%         3    ###....


Dungeon Overview and Level Annotations

Branches:
Dungeon (2/15)

Altars:

Annotations:
D:2 Sigmund


Innate Abilities, Weirdness & Mutations

You have sharp fingernails.
When hurt, damage is shared between your health and your magic reserves.


Message History

Aim: a frilled lizard The flame tongue hits the frilled lizard.
You kill the frilled lizard!
Some of the chunks of flesh in your inventory have rotted away.
You see here a frilled lizard corpse.
You butcher the frilled lizard corpse.
g - 4 chunks of flesh (gained 1)
You see here a frilled lizard skeleton.
Sigmund the Dreaded comes into view.
He is wielding a scythe.
Sigmund points at you and mumbles some strange words.
You are confused.
Sigmund drinks a potion.
Sigmund seems to grow stronger.
You're too confused to cast spells.
Sigmund hits you from afar with a scythe!!
Ouch! That really hurt!
Sigmund casts a spell at you. The magic dart hits you!
* * * LOW HITPOINT WARNING * * *
You bump into the rock wall.
Sigmund hits you with a scythe!
You die...

#. .# #..#..### ##. #.#
#...>..). .###..##.#
##.###### .........###
#.# .#.........# #.# #
.... ....#.# ##.## ##
.#...##.##.#####...####.
................รท.....'.
.#...#.@##.#####...####.
#. #@.##.# ##.## ##
....##.# #(# # .........#
#.# #####.##### #.# #.
..# #. ### #.


You could see Sigmund.

Vanquished Creatures
  3 dart slugs (D:1)
  A leopard gecko (D:1)
  5 orcs (D:2)
  4 bats (D:1)
  3 giant cockroaches (D:1)
  3 goblins (D:1)
  2 hobgoblins (D:1)
  2 jackals (D:2)
  A frilled lizard (D:2)
  2 kobolds (D:1)
  3 rats (D:1)
29 creatures vanquished.

Notes
Turn   | Place    | Note
-------+----------+-------------------------------------------
     0 | D:1      | wilfster70 the Demonspawn Fire Elementalist began the quest for the Orb.
     0 | D:1      | Reached XP level 1. HP: 13/13 MP: 3/3
   258 | D:1      | Gained mutation: When hurt, damage is shared between your health and your magic reserves. [demonic ancestry]
   258 | D:1      | Reached XP level 2. HP: 19/19 MP: 3/5
   721 | D:1      | Reached skill level 3 in Fire Magic
  1197 | D:1      | Gained mutation: You have sharp fingernails. [demonic ancestry]
  1197 | D:1      | Reached XP level 3. HP: 24/24 MP: 6/6
  1202 | D:1      | Learned a level 3 spell: Conjure Flame
  1580 | D:2      | Noticed Sigmund
  1585 | D:2      | Slain by Sigmund

Skill      XL: |  1  2  3 |
---------------+----------+-----
Fire Magic     | 3 |  3.2
Conjurations   | 2 |  2.0
Dodging        | |  1.7
Stealth        | |  1.7
Spellcasting   | |  2.6

Action                   || total
-------------------------++-------
Melee: Unarmed           ||     5
       Short sword       ||    11
 Cast: Flame Tongue      ||    44
  Eat: Chunk             ||     2
Armor: Robe              ||     6
Dodge: Dodged            ||    24
